 Dungeon Crawl Stone Soup version 0.29.1-2-gbd0b4ee654 (webtiles) character file.

Game seed: 1027933363879761110

1321 McKennaii the Conjurer (level 8, -11/57 HPs)
             Began as a Demigod Conjurer on Nov 10, 2022.
             Mangled by Duvessa
             ... wielding a +0 rapier
              (12 damage)
             ... on level 5 of the Dungeon.
             The game lasted 00:08:08 (6658 turns).

McKennaii the Conjurer (Demigod Conjurer)           Turns: 6658, Time: 00:08:09

Health: -11/57     AC:  2    Str:  8    XL:     8   Next: 11%
Magic:  0/19       EV: 13    Int: 28    God:
Gold:   367        SH:  0    Dex: 12    Spells: 10/17 levels left

rFire   . . .      SeeInvis .   m - staff of cold
rCold   + . .      Faith    .   (no shield)
rNeg    . . .      Spirit   .   a - +0 robe
rPois   .          Reflect  .   (no helmet)
rElec   .          Harm     .   (no cloak)
rCorr   .          Rampage  .   (no gloves)
Will    .....                   (no boots)
Stlth   ++........              (no amulet)
HPRegen 0.19/turn               (no ring)
MPRegen 0.16/turn               (no ring)

@: no status effects
A: high MP 1, forlorn, divine attributes
a: no special abilities


You were on level 5 of the Dungeon.
You visited 1 branch of the dungeon, and saw 6 of its levels.

You collected 367 gold pieces.

Inventory:

Armour
 a - a +0 robe (worn)
Magical Staves
 m - a staff of cold (weapon)
Wands
 j - a wand of flame (22)
 v - a wand of iceblast (6)
Scrolls
 d - a scroll of immolation
 f - a scroll of amnesia {unknown}
 h - a scroll of vulnerability {unknown}
 k - a scroll of torment {unknown}
 n - 4 scrolls of fear {unknown}
 p - a scroll of enchant weapon {unknown}
 q - 2 scrolls of blinking {unknown}
 r - 4 scrolls of identify {unknown}
 s - 2 scrolls of summoning {unknown}
 t - a scroll of poison {unknown}
 w - a scroll of silence {unknown}
Potions
 b - a potion of magic
 c - a potion of degeneration {unknown}
 g - a potion of attraction {unknown}
 i - 4 potions of lignification {unknown}
 l - 2 potions of might
 o - 2 potions of curing {unknown}
 u - a potion of ambrosia {unknown}


   Skills:
 + Level 4.1 Dodging
 - Level 4.0 Stealth
 * Level 5.2 Spellcasting
 * Level 6.6 Conjurations


You had 10 spell levels left.
You knew the following spells:

 Your Spells              Type           Power      Damage    Failure   Level
a - Magic Dart            Conj           100%       1d8       1%          1
b - Searing Ray           Conj           88%        2d7       1%          2
c - Iskenderun's Mystic   Conj/Tloc      26%        2d7       17%         4

Your spell library contained the following spells:

 Spells                   Type           Power      Damage    Failure   Level
 Dazzling Flash           Conj/Hex       52%        N/A       4%          3
 Apportation              Tloc           14%        N/A       7%          1
 Necrotise                Necr           28%        1d5       7%          1
 Summon Small Mammal      Summ           28%        N/A       7%          1
 Fulminant Prism          Conj/Hex       13%        3d9       17%         4


Dungeon Overview and Level Annotations

Branches:
Dungeon (6/15)             Temple (0/1) D:4

Shops:
D:2 (   D:5 (

Annotations:
D:5 Duvessa


Innate Abilities, Weirdness & Mutations

You have an increased reservoir of magic. (+10% MP)
You shall have no god before yourself.
Your divine heritage dramatically boosts your attributes as you level up.


Message History

Casting: Searing Ray (safe; 1% risk of failure)
Confirm with . or Enter, or press ? or * to list all spells.
You erupt in a blast of force!
The mystic blast hits Duvessa!
Duvessa is heavily wounded.
Duvessa is knocked back by the mystic blast.
You hear a shout!
Unknown command.
Unknown command.
Casting: Iskenderun's Mystic Blast (dangerous; 17% risk of failure)
Confirm with . or Enter, or press ? or * to list all spells.
Aiming: Searing Ray (safe; 1% risk of failure)
Press: ? - help, Shift-Dir - straight line, f/p - Duvessa
Aim: Duvessa, wielding a +0 rapier and wearing a +0 chain mail (heavily wounded, berserk, 89% to hit)
The searing ray hits Duvessa.
Duvessa is heavily wounded. (Press . to maintain the ray.) Duvessa rages.
The searing ray hits Duvessa!
Duvessa is severely wounded.
Duvessa misses you.
Unknown command.
The searing ray hits Duvessa but does no damage.
Duvessa is severely wounded.
Duvessa misses you. x2
Unknown command.
The searing ray hits Duvessa.
Duvessa is almost dead.
You finish channelling your searing ray.
Duvessa hits you with a +0 rapier.
* * * LOW HITPOINT WARNING * * *
Unknown command.
Aiming: Throw Flame
Press: ? - help, Shift-Dir - straight line, f/p - Duvessa
Aim: Duvessa, wielding a +0 rapier and wearing a +0 chain mail (almost dead, berserk, 81% to hit)
The puff of flame hits Duvessa.
Duvessa is almost dead.
Duvessa hits you with a +0 rapier.
* * * LOW HITPOINT WARNING * * *
Duvessa hits you with a +0 rapier!
You die...

#.##.#.## .
#)##....# .~
#.##)...###.~≈
#.÷)).).....~~
####.........≈
###..###...~
####..###....
#####
#............
....#
#.###@###.##.
###.# # #e#
#.# #># #.#
#)# #.# #..
###.#######
#..
#.........e
#..
....#######
.... #.###


You could see Duvessa (berserk).

Vanquished Creatures
  Grinder (D:4)
  A water moccasin (D:5)
  2 phantoms
  Blork the orc (D:5)
  Dowan (D:5)
  4 jellies
  2 orc priests
  5 hounds
  2 orc wizards (D:4)
  4 iguanas (D:5)
  12 adders
  4 dart slugs
  24 orcs
  4 ball pythons
  9 bats
  16 endoplasms
  6 giant cockroaches
  9 goblins
  12 hobgoblins
  6 jackals (D:1)
  13 kobolds
  A quokka (D:3)
  2 frilled lizards (D:1)
  3 rats
144 creatures vanquished.

Vanquished Creatures (others)
  2 fungi (D:2)
  11 plants (D:5)
  10 toadstools (D:2)
23 creatures vanquished.

Grand Total: 167 creatures vanquished

Notes
Turn   | Place    | Note
-------+----------+-------------------------------------------
     0 | D:1      | McKennaii the Demigod Conjurer began the quest for the Orb.
     0 | D:1      | Reached XP level 1. HP: 14/14 MP: 5/5
   258 | D:1      | Reached XP level 2. HP: 20/20 MP: 2/7
   657 | D:1      | HP: 1/20 [jackal (2)]
  1369 | D:2      | Reached skill level 4 in Conjurations
  1369 | D:2      | Reached XP level 3. HP: 26/26 MP: 3/9
  1777 | D:2      | Identified the +2 ring mail "Butezol" {Rampage SInv}
  2218 | D:2      | Found Giyfoux's Antique Weapon Shop.
  2322 | D:2      | Learned a level 2 spell: Searing Ray
  2417 | D:2      | Reached XP level 4. HP: 33/33 MP: 2/11
  2422 | D:2      | Learned a level 4 spell: Iskenderun's Mystic Blast
  2730 | D:2      | Reached XP level 5. HP: 38/38 MP: 8/12
  3895 | D:4      | Noticed Grinder
  3906 | D:4      | Paralysed by Grinder for 3 turns
  4051 | D:4      | Noticed an orc warrior
  4090 | D:4      | Paralysed by Grinder for 4 turns
  4111 | D:4      | Killed Grinder
  4112 | D:4      | Reached skill level 5 in Conjurations
  4112 | D:4      | Reached XP level 6. HP: 11/45 MP: 0/14
  4773 | D:4      | Reached XP level 7. HP: 50/50 MP: 13/16
  4816 | D:4      | Found a staircase to the Ecumenical Temple.
  5665 | D:5      | Entered Level 5 of the Dungeon
  5966 | D:5      | Reached skill level 6 in Conjurations
  6001 | D:5      | Noticed a two-headed ogre
  6065 | D:5      | Found Kiganuon's Antique Weapon Shoppe.
  6154 | D:5      | Noticed Dowan
  6354 | D:5      | Reached skill level 5 in Spellcasting
  6583 | D:5      | Reached XP level 8. HP: 49/57 MP: 14/19
  6637 | D:5      | Noticed Blork the orc
  6639 | D:5      | Noticed Duvessa
  6647 | D:5      | Killed Dowan
  6648 | D:5      | Killed Blork the orc
  6657 | D:5      | HP: 2/57 [Duvessa/+0 rapier (4)]
  6658 | D:5      | Mangled by Duvessa

Illustrated notes

Levels and vault maps discovered:
D:1:      tarquinn_simple_flora_water_e, layout_basic
D:2:      cheibrodos_fertilizer, layout_loops_ring, serial_shops, shop_coins
D:3:      layout_loops_ring
D:4:      minmay_razor_zed, layout_basic, minmay_temple_entry_purple_smoke,
          serial_glass, glass_columns_b, glass_columns_b, item_on_display_a,
          item_on_display_a, minmay_strange_pillars, item_on_display_a,
          uniq_grinder
D:5:      layout_loops_ring, mainiacjoe_overflow_surrounded_room, serial_glass,
          glass_columns_c, glass_columns_b, serial_shops, shop,
          guppyfry_early_lair_pool, uniq_blork_the_orc, uniq_duvessa,
          uniq_sigmund
D:6:      layout_cave_pools, serial_shops, nicolae_shop_behind_doors, shop,
          minivault_1

Skill      XL: |  1  2  3  4  5  6  7 |
---------------+----------------------+-----
Spellcasting   | 2 3 4 5 |  5.2
Stealth        | 2 3 4 |  4.0
Dodging        | 2 3 4 |  4.1
Conjurations   | 4 5 6 |  6.6

Action                   |  1- 3 |  4- 6 |  7- 9 || total
-------------------------+-------+-------+-------++-------
Melee: Unarmed           |     1 |       |       ||     1
       Staff             |       |       |     2 ||     2
 Cast: Magic Dart        |   110 |    95 |   104 ||   309
       Searing Ray       |       |    11 |    15 ||    26
       Iskenderun's Myst |       |       |     2 ||     2
Evoke: Wand              |       |     3 |     1 ||     4
  Use: Scroll            |       |       |     3 ||     3
       Potion            |       |       |     1 ||     1
Armor: Robe              |     8 |     1 |     4 ||    13
Dodge: Dodged            |    24 |     9 |    30 ||    63
